 Dungeon Crawl Stone Soup version 0.27.1-34-g3ba077fa99 (webtiles) character file.

Game seed: 14260713634747541911

295 multipassport the Skirmisher (level 6, -2/49 (51) HPs)
             Began as a Palentonga Fighter on Jan 16, 2022.
             Was a Follower of Jiyva.
             Slain by Crazy Yiuf (10 damage)
             ... on level 3 of the Dungeon.
             The game lasted 00:12:35 (3483 turns).

multipassport the Skirmisher (Palentonga Fighter)   Turns: 3483, Time: 00:12:36

HP:   -2/49 (51)    AC:  8    Str: 21    XL:     6   Next: 11%
MP:   6/6           EV:  6    Int:  8    God:    Jiyva [*.....]
Gold: 205           SH:  9    Dex: 10    Spells: 5/5 levels left

rFire    . . .     SeeInvis +   a - +0 trident
rCold    . . .     Faith    .   c - +0 kite shield
rNeg     . . .     Spirit   .   b - +0 scale mail
rPois    .         Reflect  .   (no helmet)
rElec    .         Harm     .   (no cloak)
rCorr    .         Rampage  .   l - +0 pair of gloves
Will     .....                  (no barding)
Stlth    ..........             (no amulet)
HPRegen  0.16/turn              (no ring)
MPRegen  0.10/turn              (no ring)

@: lightly drained
A: large, rugged brown scales 3, see invisible, deformed body, roll 1, armoured
tail
a: Rolling Charge, Renounce Religion, Request Jelly


You were on level 3 of the Dungeon.
You worshipped Jiyva.
Jiyva was aware of your devotion.
You visited 1 branch of the dungeon, and saw 3 of its levels.
You also visited: Sewer.

You collected 205 gold pieces.

Inventory:

Hand Weapons
 a - a +0 trident (weapon)
Armour
 b - a +0 scale mail (worn)
 c - a +0 kite shield (worn)
 l - a +0 pair of gloves (worn)
Scrolls
 e - 3 scrolls of teleportation {unknown}
 f - a scroll of holy word {unknown}
 g - 2 scrolls of identify {unknown}
Potions
 d - 2 potions of haste {unknown}
 h - a potion of curing {unknown}
 i - a potion of heal wounds {unknown}
 j - a potion of ambrosia {unknown}
 k - 2 potions of lignification {unknown}


   Skills:
 + Level 4.0 Fighting
 + Level 3.1 Polearms
 + Level 3.3 Armour
 + Level 2.0 Dodging
 + Level 3.3 Shields


You had 5 spell levels left.
You didn't know any spells.
Your spell library contained the following spells:

 Spells                   Type           Power      Damage    Failure   Level
 Slow                     Hex            0%         N/A       99%         2
 Confusing Touch          Hex            0%         N/A       100%        3
 Conjure Flame            Conj/Fire      0%         6-21      100%        3
 Ignite Poison            Fire/Tmut/Pois 0%         N/A       100%        3
 Vampiric Draining        Necr           0%         2d6       100%        3
 Sticky Flame             Conj/Fire      0%         2d3       100%        4
 Conjure Ball Lightning   Conj/Air       0%         3x3d6     100%        6
 Discord                  Hex            0%         N/A       100%        8
 Disjunction              Tloc           0%         N/A       100%        8


Dungeon Overview and Level Annotations

Branches:
Dungeon (3/15)              Sewer (visited)

Altars:
Kikubaaqudgha
Zin
Jiyva

Annotations:
D:3 Crazy Yiuf


Innate Abilities, Weirdness & Mutations

You are completely covered in rugged brown scales. (AC +3, +7% HP)
You have supernaturally acute eyesight. (SInv)
Armour fits poorly on your strangely shaped body.
You can roll at nearby foes to attack.
You have a long armoured tail.


Message History

You block Crazy Yiuf's attack.
You barely miss Crazy Yiuf. You tail-slap Crazy Yiuf.
Crazy Yiuf is heavily wounded.
Crazy Yiuf hits you with a +3 quarterstaff of chaos.
Crazy Yiuf burns you.
You hit Crazy Yiuf but do no damage.
Crazy Yiuf is heavily wounded.
Crazy Yiuf barely misses you.
You hear a distant slurping noise.
You barely miss Crazy Yiuf.
Your tail-slap misses Crazy Yiuf.
Crazy Yiuf is heavily wounded.
Crazy Yiuf flaps his cloak.
Crazy Yiuf hits you with a +3 quarterstaff of chaos.
Crazy Yiuf draws strength from your wounds!
Crazy Yiuf whimpers, "Rot high sallow!"
Crazy Yiuf hits you with a +3 quarterstaff of chaos.
You closely miss Crazy Yiuf.
Your tail-slap misses Crazy Yiuf.
Crazy Yiuf is heavily wounded.
Crazy Yiuf cries, "Aardvark eyeball song!"
Crazy Yiuf hits you with a +3 quarterstaff of chaos.
You feel drained.
You closely miss Crazy Yiuf. You tail-slap Crazy Yiuf.
Crazy Yiuf is heavily wounded.
Crazy Yiuf hits you with a +3 quarterstaff of chaos!
* * * LOW HITPOINT WARNING * * *
Crazy Yiuf flaps his cloak.
Crazy Yiuf hits you with a +3 quarterstaff of chaos.
* * * LOW HITPOINT WARNING * * *
Crazy Yiuf screams, "Peeping!
Walk sing sallow."
Crazy Yiuf cries, "Cod sing ragdoll!"
Jiyva's power touches on your attributes.
You feel agile.
You feel weaker.
You hear a distant slurping noise.
Jiyva appreciates your sacrifice.
There is a stone staircase leading down here.
Crazy Yiuf yells, "Shadow mobile poople!"
Crazy Yiuf laughs, "Island testudinal Orb Guardian!"
Crazy Yiuf hits you with a +3 quarterstaff of chaos!
You die...

##############
#............#####
#.##########.....### ##.#
#.###...#####
##.##########.#.@.......##
##.##..........g#######..#
......#.........#≈≈≈≈≈#÷.#######
.......J#####.#.#≈≈≈≈≈#..÷.....#
##.###### ##.#.#≈≈.≈≈#.######.#
#.# #....#≈J≈≈≈'.#
#.#########..#.#######.#
#............#.........#
#.....#####.####...#####


You could see Crazy Yiuf and a neutral endoplasm (wandering) (fellow slime).

Vanquished Creatures
  A bullfrog (Sewer)
  A bullfrog zombie (D:3)
  A hound (D:2)
  Terence (D:2)
  Natasha (twice) (D:2 D:3)
  3 adders
  3 worms (D:2)
  2 dart slugs (D:1)
  5 ball pythons
  3 endoplasms
  6 giant cockroaches
  5 hobgoblins
  3 jackals (D:2)
  12 quokkas
  2 bats
  6 frilled lizards
  5 goblins
  3 kobolds
  7 rats
71 creatures vanquished.

Vanquished Creatures (others)
  2 jellies (D:2)
  Natasha (D:3)
  An orc wizard (D:3)
  2 endoplasms
  3 orcs (D:3)
  A ball python (D:2)
  A bat (D:3)
  A goblin (D:2)
  2 hobgoblins (D:3)
  2 rats (D:2)
  A plant (D:1)
17 creatures vanquished.

Grand Total: 88 creatures vanquished

Notes
Turn   | Place    | Note
-------+----------+-------------------------------------------
     0 | D:1      | multipassport the Palentonga Fighter began the quest for
                  | the Orb.
     0 | D:1      | Reached XP level 1. HP: 19/19 MP: 1/1
   192 | D:1      | Reached XP level 2. HP: 5/25 MP: 2/2
  1138 | D:2      | Reached XP level 3. HP: 24/31 MP: 3/3
  1486 | D:2      | Found a faded altar of an unknown god.
  1486 | D:2      | Noticed Natasha
  1504 | D:2      | Killed Natasha
  1505 | D:2      | Reached skill level 1 in Dodging
  1742 | D:2      | Became a worshipper of Jiyva Jauttuu the Shapeless
  1742 | D:2      | Reached * piety under Jiyva
  1816 | D:2      | Reached XP level 4. HP: 34/37 MP: 4/4
  1873 | D:2      | Noticed Terence
  1875 | D:2      | Killed Terence
  2012 | D:2      | Noticed Natasha
  2721 | D:3      | Reached XP level 5. HP: 44/44 MP: 5/5
  2764 | D:3      | Found a glowing drain.
  2794 | D:3      | Killed Natasha
  2813 | Sewer    | Entered a sewer
  3211 | Sewer    | Reached skill level 4 in Fighting
  3211 | Sewer    | Reached XP level 6. HP: 33/51 MP: 6/6
  3329 | D:3      | Found an ancient bone altar of Kikubaaqudgha.
  3362 | D:3      | Found a glowing silver altar of Zin.
  3433 | D:3      | Found a runed translucent door.
  3434 | D:3      | Noticed Crazy Yiuf
  3445 | D:3      | HP: 2/49 [Crazy Yiuf (1)]
  3461 | D:3      | Killed Natasha
  3483 | D:3      | Slain by Crazy Yiuf

Illustrated notes

Levels and vault maps discovered:
D:1:      lightli_arrival_windingriver, layout_loops_ring
D:2:      minmay_chambers_of_ones, layout_basic,
          hellmonk_ecumenical_altar_lost_god, st_stairs_12, grunt_ministairs_10,
          kennysheep_nub, minmay_quantized, uniq_natasha, uniq_terence
D:3:      layout_loops_ring, jmf_multi_god_temple,
          mainiacjoe_overflow_divided_tiny, portal_sewer_entry_c,
          uniq_crazy_yiuf_cottage

Skill      XL: |  1  2  3  4  5 |
---------------+----------------+-----
Polearms       | 2 3 |  3.1
Dodging        | 1 2 |  2.0
Armour         | 3 |  3.3
Shields        | 3 |  3.3
Fighting       | 4 |  4.0

Action                   |  1- 3 |  4- 6 || total
-------------------------+-------+-------++-------
Melee: Trident           |    72 |   162 ||   234
       Tailslap          |     3 |    14 ||    17
 Abil: Rolling Charge    |    17 |     7 ||    24
  Use: Potion            |       |     1 ||     1
Armor: Scale mail        |    20 |    67 ||    87
Dodge: Dodged            |    23 |    39 ||    62
Block: Kite shield       |    25 |    74 ||    99
